 Dungeon Crawl Stone Soup version 0.27-a0-346-ga689d4a613 (webtiles) character file.

Game seed: 15141486641635839322

161 skwiii the Skirmisher (level 5, -13/49 HPs)
             Began as a Palentonga Abyssal Knight on Feb 16, 2021.
             Was a Believer of Lugonu.
             Blown up by Ijyb (24 damage)
             ... with a mindburst bolt
             ... on level 3 of the Dungeon.
             The game lasted 00:09:34 (4680 turns).

skwiii the Skirmisher (Palentonga Abyssal Knight)   Turns: 4680, Time: 00:09:35

Health: -13/49     AC:  4    Str: 16    XL:     5   Next: 18%
Magic:  7/7        EV:  9    Int: 12    God:    Lugonu [**....]
Gold:   216        SH:  5    Dex: 10    Spells: 4/4 levels left

rFire    x . .     SeeInvis +   a - +1 hand axe
rCold    + . .     Faith    .   (no shield)
rNeg     . . .     Spirit   .   b - +0 leather armour
rPois    .         Reflect  +   (no helmet)
rElec    .         Harm     .   (no cloak)
rCorr    .         Rampage  .   (no gloves)
Will     .....                  (no barding)
Stlth    +.........             o - amulet of reflection
HPRegen  0.16/turn              l - ring of ice
MPRegen  0.10/turn              (no ring)

@: no status effects
A: large, rugged brown scales 3, see invisible, deformed body, roll 1, armoured
tail
a: Rolling Charge, Renounce Religion, Depart the Abyss, Bend Space


You were on level 3 of the Dungeon.
You worshipped Lugonu.
Lugonu was pleased with you.
You visited 1 branch of the dungeon, and saw 3 of its levels.
You visited the Abyss 1 time.

You collected 216 gold pieces.

Inventory:

Hand Weapons
 a - a +1 hand axe (weapon)
 q - a +0 hunting sling
 t - a +4 quarterstaff of chaos
 u - a +0 war axe
Missiles
 r - 80 stones
Armour
 b - a +0 leather armour (worn)
 c - a +0 helmet
Jewellery
 l - a ring of ice (left hand)
 o - an amulet of reflection (around neck)
 p - an amulet of faith {unknown}
 v - a ring of protection from cold
Scrolls
 i - a scroll of enchant weapon {unknown}
 j - a scroll of amnesia {unknown}
 m - a scroll of magic mapping {unknown}
 n - 3 scrolls of teleportation {unknown}
Potions
 d - 3 potions of curing
 e - a potion of heal wounds {unknown}
 f - a potion of attraction {unknown}
 g - a potion of degeneration {unknown}
 h - a potion of flight
 k - a potion of haste {unknown}
 s - a potion of might {unknown}


   Skills:
 + Level 3.6 Fighting
 * Level 3.6 Axes
 + Level 2.2 Armour
 - Level 1.5 Dodging
 + Level 3.0 Invocations


You had 4 spell levels left.
You didn't know any spells.
Your spell library was empty.

Dungeon Overview and Level Annotations

Branches:
Dungeon (3/15)

Altars:
Makhleb
Nemelex Xobeh
Sif Muna

Annotations:
D:3 Ijyb


Innate Abilities, Weirdness & Mutations

You are completely covered in rugged brown scales. (AC +3, +7% HP)
You have supernaturally acute eyesight. (SInv)
Armour fits poorly on your strangely shaped body.
You can roll at nearby foes to attack.
You have a long armoured tail.


Message History

You feel sick.
You feel sick.
You are no longer poisoned.
You now have 216 gold pieces (gained 12).
Found 20 sling bullets.
Ijyb the Twisted Goblin comes into view.
She is wielding a +0 club and carrying a wand of mindburst (8).
Ijyb shouts!
Ijyb screams, "Me very upset!"
Ijyb is nearby!
Ijyb zaps a wand.
Your mind is blasted!
Ouch! That really hurt!
There's nothing you can charge at! Ijyb screams, "Me stronger than you!"
Roll where?
Press: ? - help, Q - select action, (/) - cycle Dir - move target, f - Ijyb
Aim: Ijyb, wielding a +0 club, wearing a +0 leather armour and carrying a wand of mindburst (7)
You roll forward with a clatter of scales!
You closely miss Ijyb. Ijyb barely misses you.
You hit Ijyb.
Ijyb is lightly wounded.
Ijyb closely misses you.
You hit Ijyb.
Ijyb is moderately wounded.
Ijyb zaps a wand.
Your mind is blasted!
* * * LOW HITPOINT WARNING * * *
You closely miss Ijyb.
Ijyb is moderately wounded.
Ijyb hits you with a +0 club.
* * * LOW HITPOINT WARNING * * *
You closely miss Ijyb.
Ijyb is moderately wounded.
You block Ijyb's attack.
You closely miss Ijyb.
Ijyb is moderately wounded.
You block Ijyb's attack.
You barely miss Ijyb.
Your tail-slap misses Ijyb.
Ijyb is moderately wounded.
Ijyb zaps a wand.
Your mind is blasted!
You die...

.# #..###.# #..# ##
#...##.# #..#
##......#†##.###..####.#
#########.##...........#
# #.######..###### #.#
#..# #.# ####..# #.#
#....(# ### #.# #.##@##
..#######.# # #g#
#.........# #.#
..######### #.# #.# ..#
#.# ### #.# #.# #.#


You could see Ijyb.

Vanquished Creatures
  Crazy Yiuf (D:2)
  Jessica (D:2)
  Robin (D:2)
  2 adders
  2 worms
  3 dart slugs
  2 leopard geckos
  4 giant cockroaches
  15 goblins
  8 hobgoblins
  9 kobolds
  3 quokkas
  7 bats
  2 frilled lizards
  3 rats (D:2)
63 creatures vanquished.

Notes
Turn   | Place    | Note
-------+----------+-------------------------------------------
     0 | Abyss:1  | skwiii the Palentonga Abyssal Knight began the quest for
                  | the Orb.
     0 | Abyss:1  | Reached XP level 1. HP: 20/20 MP: 2/2
     9 | Abyss:1  | Found a corrupted altar of Lugonu.
    48 | Abyss:1  | Noticed a cacodemon
    53 | D:1      | Escaped the Abyss
   600 | D:1      | Reached skill level 1 in Dodging
   600 | D:1      | Reached XP level 2. HP: 27/27 MP: 3/3
   777 | D:1      | Reached * piety under Lugonu
  1687 | D:2      | Noticed Robin
  1690 | D:2      | Killed Robin
  1691 | D:2      | Reached XP level 3. HP: 29/33 MP: 4/4
  1743 | D:2      | Noticed Jessica
  1844 | D:2      | Killed Jessica
  1845 | D:2      | Reached XP level 4. HP: 16/40 MP: 5/5
  2637 | D:2      | Reached ** piety under Lugonu
  3190 | D:2      | Found a runed translucent door.
  3191 | D:2      | Noticed Crazy Yiuf
  3410 | D:2      | Found a burning altar of Makhleb.
  3508 | D:2      | Killed Crazy Yiuf
  4019 | D:3      | Reached XP level 5. HP: 23/48 MP: 7/7
  4448 | D:3      | Found a sparkling altar of Nemelex Xobeh.
  4561 | D:3      | Found a shimmering blue altar of Sif Muna.
  4671 | D:3      | Noticed Ijyb
  4680 | D:3      | Blown up by Ijyb

Illustrated notes

Levels and vault maps discovered:
D:1:      dpeg_arrival_shrine, layout_loops_ring, hangedman_decor_growths
D:2:      layout_basic, lemuel_coloured_pillars_altar, minmay_pentomino_x4,
          uniq_crazy_yiuf_cottage, uniq_jessica, uniq_robin
D:3:      layout_loops_ring, lemuel_round_altar,
          nicolae_qazlal_style_of_elements, general_overflow_altar,
          nicolae_tso_swordbearing_angel, uniq_ijyb

Skill      XL: |  1  2  3  4  5 |
---------------+----------------+-----
Dodging        | 1 |  1.5
Axes           | 3 |  3.6
Armour         | 2 |  2.2
Invocations    | 3 |  3.0
Fighting       | |  3.6

Action                   |  1- 3 |  4- 6 || total
-------------------------+-------+-------++-------
Melee: Hand axe          |   118 |    80 ||   198
       Tailslap          |     9 |     8 ||    17
Invok: Depart the Abyss  |     1 |       ||     1
 Abil: Rolling Charge    |    12 |    12 ||    24
  Use: Scroll            |     2 |     2 ||     4
       Potion            |     1 |       ||     1
Armor: Leather armour    |    42 |    14 ||    56
Dodge: Dodged            |    70 |    29 ||    99
Block: Other             |       |     3 ||     3

Table legend: (Time is in decaauts)
 A = Elapsed time spent in this place.
 B = Non-inter-level travel time spent in this place.
 C = Inter-level travel time spent in this place.
 D = Time resting spent in this place.
 E = Time spent auto-exploring this place.
 F = Levels seen in this place.
 G = Mean time per level.
                   A        B        C        D        E       F      G
               +--------+--------+--------+--------+--------+-----+--------+
         Total |   4718 |   4664 |     54 |   2295 |   1632 |   4 | 1179.5 |
       Dungeon |   4665 |   4611 |     54 |   2295 |   1620 |   3 | 1555.0 |
         Abyss |     53 |     53 |      0 |      0 |     12 |   1 |   53.0 |
               +--------+--------+--------+--------+--------+-----+--------+

Top non-repeatable levels by time:
     D:2: 2674 daAuts
     D:1: 1316 daAuts
     D:3: 675 daAuts
 Abyss:1: 53 daAuts
